Map: Lost and Found LE

Players

Lighting

  • Race: Protoss Protoss
  • Spawn Location: 1:00

Kozan - Winner!

  • Race: Terran Terran
  • Spawn Location: 7:00

Event: WCS Montreal 2018

VOD

Have the link to the VOD?

Description

Time

  • Played on: Sept. 7, 2018, 2 p.m.
  • Length: 11:50

All games in this series

Show
View Real Time Build Order
Export as new Build Order

Lighting Protoss 

Build Orders: 1 Gate Expand 

Get SALT Encoding   

  12  0:00  Probe  
  13  0:13  Probe  
  14  0:18  Pylon  
  14  0:24  Probe  
  15  0:32  Probe  
  15  0:41  Gateway, Probe  
  16  0:46  Assimilator  
  17  0:51  Probe  
  18  1:00  Probe  
  19  1:08  Probe  
  19  1:17  Probe  
  21  1:25  Nexus  
  21  1:34  Cybernetics Core  
  21  1:41  Assimilator  
  21  1:44  Probe  
  22  1:49  Pylon  
  22  1:56  Probe  
  23  2:08  Probe  
  24  2:11  Warp Gate  
  24  2:12  Stalker  
  26  2:17  Probe  
  27  2:25  Probe  
  26  2:44  Stalker  
  25  2:54  Probe  
  25  2:55  Robotics Facility, Probe  
  29  3:07  Probe  
  29  3:11  Probe  
  29  3:12  Stalker  
  31  3:19  Probe  
  34  3:23  Probe  
  35  3:31  Probe  
  35  3:33  Gateway  
  36  3:34  Gateway  
  36  3:37  Immortal, Probe  
  37  3:42  Stalker  
  43  3:50  Probe  
  43  3:54  Probe  
  45  3:55  Pylon  
  45  4:02  Probe  
  46  4:03  Pylon  
  46  4:06  Warp Prism  
  46  4:09  Probe  
  46  4:14  Probe  
  50  4:26  Probe  
  50  4:27  Probe  
  52  4:32  Stalker  
  52  4:33  Stalker x2  
  58  4:38  Probe  
  58  4:39  Probe  
  58  4:42  Observer  
  58  4:45  Pylon  
  62  4:55  Twilight Council, Probe  
  62  4:56  Assimilator  
  62  4:59  Assimilator  
  62  5:03  Stalker  
  62  5:04  Observer  
  62  5:06  Stalker x2  
  69  5:11  Pylon  
  69  5:12  Probe  
  70  5:28  Charge  
  70  5:30  Probe  
  70  5:31  Probe  
  72  5:36  Nexus  
  72  5:42  Probe  
  73  5:46  Probe  
  73  5:47  Pylon  
  74  5:51  Immortal  
  74  5:54  Zealot x2  
  74  5:55  Zealot  
  70  6:01  Templar Archives  
  70  6:03  Probe x2  
  76  6:17  Zealot x3  
  82  6:24  Probe x2  
  84  6:33  Psionic Storm  
  84  6:38  Pylon  
  84  6:39  Pylon  
  83  6:48  Immortal  
  65  7:10  Zealot x3  
  61  7:25  Immortal  
  60  7:32  High Templar x3  
  60  7:34  Probe x2  
  72  7:37  Gateway  
  72  7:38  Nexus, Gateway  
  72  7:40  Pylon, Gateway  
  72  7:41  Pylon  
  72  7:49  Probe  
  73  7:52  Probe  
  73  7:54  Pylon  
  72  8:05  Zealot x2  
  72  8:06  Zealot  
  76  8:25  Nexus  
  76  8:31  High Templar x2, Zealot  
  76  8:32  Probe x2  
  76  8:33  Warp Prism  
  86  8:37  Pylon  
  86  8:42  Forge  
  86  8:43  Zealot x3  
  86  8:44  Probe, Forge  
  86  8:46  Probe  
  89  8:59  Immortal  
  87  9:03  High Templar x2  
  87  9:04  High Templar x2  
  87  9:05  Zealot x2  
  87  9:08  Protoss Ground Armor Level 1  
  103  9:10  Archon x2  
  103  9:21  Nexus  
  103  9:24  Pylon  
  97  9:37  Zealot x5  
  97  9:38  Zealot  
  78  10:03  Stalker x3  
  78  10:04  Zealot x3  
  78  10:05  Probe  
  85  10:33  High Templar x3  
  85  10:34  High Templar, Zealot x2  
  95  10:37  Probe  
  95  10:38  Probe, Forge  
  95  10:39  Archon  
  97  10:49  Probe  
  98  10:55  Nexus  
  98  11:04  Zealot x2  
  100  11:05  Zealot  
  100  11:06  Zealot x3  
Show
View Real Time Build Order
Export as new Build Order

Kozan Terran - Winner!

Build Orders: Reaper Expand, MMM Bio 

Get SALT Encoding   

  12  0:02  SCV  
  13  0:14  SCV  
  13  0:17  Supply Depot  
  14  0:26  SCV  
  15  0:39  SCV  
  15  0:41  Barracks  
  16  0:45  Refinery  
  16  0:51  SCV  
  17  1:03  SCV  
  18  1:18  SCV  
  19  1:32  Reaper, Orbital Command  
  20  1:39  Command Center  
  20  1:50  Supply Depot  
  20  1:58  SCV  
  21  2:04  Marine  
  21  2:06  Factory  
  22  2:10  SCV  
  22  2:13  Refinery  
  23  2:23  SCV  
  23  2:25  Barracks Reactor  
  23  2:29  Bunker  
  24  2:38  SCV  
  25  2:50  SCV  
  26  2:58  Starport  
  26  3:01  Orbital Command  
  26  3:02  SCV  
  26  3:03  Factory Tech Lab, Marine x2  
  29  3:14  SCV  
  30  3:21  Marine x2  
  30  3:26  SCV  
  32  3:27  SCV  
  33  3:39  SCV x2, Marine x2, Supply Depot  
  37  3:42  Raven  
  37  3:44  Factory Tech Lab  
  37  3:46  Barracks  
  39  3:50  Barracks  
  39  3:51  SCV x2  
  41  4:00  Engineering Bay  
  41  4:03  SCV, Refinery  
  41  4:04  SCV  
  41  4:05  Marine x2  
  41  4:09  Factory Reactor  
  45  4:15  SCV  
  45  4:16  SCV  
  47  4:19  Supply Depot  
  47  4:22  Marine  
  47  4:23  Marine  
  49  4:29  SCV x2  
  51  4:32  Terran Infantry Weapons Level 1  
  51  4:35  Supply Depot  
  51  4:36  Starport Reactor  
  51  4:40  Marine x2  
  51  4:41  SCV x2  
  51  4:42  Marine, Supply Depot  
  51  4:44  Stimpack  
  56  4:48  Marauder  
  56  4:50  Combat Shields  
  58  4:53  SCV  
  58  4:56  SCV  
  58  4:58  Widow Mine  
  62  5:01  Supply Depot  
  62  5:05  SCV  
  63  5:08  SCV  
  63  5:10  Marauder, Supply Depot  
  63  5:11  Marine  
  67  5:15  Marine  
  67  5:17  Medivac, SCV  
  71  5:30  SCV x2  
  71  5:32  Marine  
  71  5:33  Marauder x2, Marine  
  79  5:38  Medivac, Widow Mine x2  
  79  5:42  SCV, Supply Depot  
  86  5:55  Marine  
  86  5:56  Marauder x2, Marine  
  92  5:58  Medivac  
  92  6:04  SCV x2  
  96  6:06  Widow Mine x2  
  96  6:09  Supply Depot  
  100  6:12  Supply Depot  
  100  6:19  Command Center  
  100  6:21  SCV x2  
  100  6:25  Refinery  
  102  6:27  Terran Infantry Armor Level 1  
  102  6:30  Marine x2  
  106  6:33  Marauder  
  106  6:36  Marauder  
  106  6:39  SCV x2  
  110  6:51  Marine x2  
  114  6:54  Marauder  
  113  7:03  SCV  
  113  7:06  Marine  
  100  7:09  Marine  
  100  7:15  Marauder  
  100  7:16  Marine  
  94  7:24  Marine  
  94  7:27  Marine  
  94  7:28  Medivac x2, Widow Mine x2  
  98  7:32  Barracks  
  98  7:33  SCV, Barracks  
  98  7:34  Marine  
  98  7:36  Orbital Command  
  100  7:37  Marauder  
  100  7:42  Marauder, SCV  
  103  7:45  SCV, Marine  
  105  7:52  Marine  
  105  7:56  Widow Mine x2  
  112  7:58  Marauder  
  112  8:02  Marine  
  112  8:03  Marauder  
  115  8:10  Marine  
  116  8:13  Medivac x2  
  116  8:15  Supply Depot  
  116  8:16  Supply Depot  
  116  8:18  Engineering Bay, Armory  
  122  8:20  Marauder, Marine  
  122  8:22  Barracks Reactor, Barracks Tech Lab  
  122  8:23  SCV x2  
  122  8:24  SCV  
  122  8:25  Marauder  
  122  8:26  Refinery x2  
  126  8:28  Widow Mine x2, Marine  
  129  8:35  SCV  
  129  8:38  Ghost Academy, Marine  
  129  8:39  Supply Depot x2  
  129  8:40  Liberator x2, Marine  
  132  8:46  Marine  
  133  8:49  Marauder, Marine  
  130  8:56  Marine  
  130  8:59  Marauder  
  130  9:02  SCV x2  
  141  9:03  Marine, Supply Depot x2  
  141  9:05  Terran Infantry Weapons Level 2  
  141  9:06  Marine  
  141  9:07  Terran Infantry Armor Level 2  
  141  9:09  Marine x2  
  145  9:10  Marine  
  146  9:20  Marine x2  
  146  9:22  Marauder  
  150  9:27  Marine x2  
  150  9:28  Widow Mine  
  150  9:29  Marauder  
  149  9:31  SCV  
  149  9:32  Marine  
  149  9:38  Marine, Ghost  
  151  9:42  Ghost  
  156  9:49  Ghost  
  150  10:07  Marine x3  
  150  10:08  Marauder, Liberator  
  150  10:09  Liberator  
  154  10:17  Ghost  
  154  10:18  Marine, Ghost  
  154  10:19  Widow Mine x2  
  155  10:25  Marine  
  155  10:28  Marine x2  
  162  10:29  Marauder  
  162  10:34  Command Center  
  165  10:36  Marine  
  165  10:37  Barracks  
  165  10:38  Barracks  
  165  10:39  Barracks, Supply Depot  
  165  10:40  Supply Depot  
  166  10:43  Marine  
  166  10:45  SCV x2  
  166  10:46  Marine x2  
  166  10:47  Marauder x2  
  175  10:50  Marine  
  175  10:53  Supply Depot  
  176  11:03  Marine x2  
  178  11:08  Marauder  
Tags
 
Add a new tag
Caveats
  • Supply blocks, unpowered buildings, or Contaminate may cause inaccurate times.
  • Supply counts are checked every 10 seconds.